 Dungeon Crawl Stone Soup version 0.22.0-21-g8bd1b0a (webtiles) character file.

29672 Loudmushroom the Severer (level 13, 0/118 HPs)
             Began as a Minotaur Berserker on Aug 18, 2018.
             Was an Elder of Trog.
             Slain by a lindwurm (3 damage)
             ... on level 6 of the Lair of Beasts on Aug 19, 2018.
             The game lasted 01:59:10 (19024 turns).

Loudmushroom the Severer (Minotaur Berserker)      Turns: 19024, Time: 01:59:10

Health: 0/118      AC: 25    Str: 22    XL:     13   Next: 16%
Magic:  16/16      EV: 13    Int:  4    God:    Trog [****..]
Gold:   1256       SH:  0    Dex: 15    Spells: 12/12 levels left

rFire    + . .     SeeInvis .   p - +1 dire flail
rCold    . . .     Gourm    .   (shield currently unavailable)
rNeg     . . .     Faith    .   F - +0 plate armour
rPois    .         Spirit   .   (helmet restricted)
rElec    .         Reflect  .   T - +2 cloak
rCorr    .         Harm     .   y - +2 pair of gloves
MR       .....                  (no boots)
Stlth    ..........             (no amulet)
HPRegen  0.29/turn              M - ring of protection from fire
MPRegen  0.15/turn              U - +3 ring of protection

@: berserk cooldown, slowed, very slow
A: retaliatory headbutt, horns 2
a: Berserk, Trog's Hand, Brothers in Arms, Renounce Religion


You were on level 6 of the Lair of Beasts.
You worshipped Trog.
Trog was greatly pleased with you.
You were near starving.

You visited 5 branches of the dungeon, and saw 19 of its levels.
You also visited: Ossuary.

You collected 1256 gold pieces.

Inventory:

Hand Weapons
 a - a +2 war axe of draining
 b - a +0 shortbow
 h - a +0 hand crossbow
 p - a +1 dire flail (weapon)
 t - a +0 blowgun
 x - a +0 battleaxe
 G - a +1 hand axe
 P - a +0 hunting sling
Missiles
 e - 37 sling bullets
 f - 544 stones
 j - 201 arrows
 k - 2 javelins (quivered)
 r - 41 poisoned needles
 u - 80 bolts
 H - 6 needles of confusion
 L - 3 poisoned tomahawks
 R - 8 needles of frenzy
Armour
 w - +0 ice dragon scales
 y - a +2 pair of gloves (worn)
 F - a +0 plate armour (worn)
 T - a +2 cloak (worn)
 X - a +0 chain mail of cold resistance
Jewellery
 B - a +4 ring of strength
 D - an uncursed ring of see invisible
 I - a +4 ring of strength
 J - an uncursed ring of magical power
 M - a ring of protection from fire (left hand)
 U - a +3 ring of protection (right hand)
 Y - an uncursed ring of ice
Wands
 A - a wand of flame (23)
 K - a wand of iceblast (30)
 O - a wand of random effects (27)
 Q - a wand of enslavement (11)
 S - a wand of paralysis (7)
Scrolls
 i - 7 scrolls of identify
 l - 2 scrolls of enchant armour
 m - 6 scrolls of teleportation
 q - 8 scrolls of remove curse
 W - a scroll of blinking
Potions
 d - 4 potions of lignification
 g - 3 potions of flight
 n - 4 potions of agility
 o - 3 potions of might
 s - 3 potions of invisibility
 v - 11 potions of curing
 z - a potion of mutation
 C - a potion of haste
 E - a potion of heal wounds {unknown}
 N - a potion of cancellation {unknown}
 V - 2 potions of berserk rage
Comestibles
 c - 19 rations


   Skills:
 + Level 12.0 Fighting
 * Level 15.9 Axes
 + Level 11.6 Armour
 + Level 10.8 Dodging
 + Level 5.8 Evocations


You had 12 spell levels left.
You didn't know any spells.
Your spell library contained the following spells:

 Spells                   Type           Power        Failure   Level  Hunger
 Animate Skeleton         Necr           N/A          100%        1    ##.....
 Freeze                   Ice            #...         100%        1    ##.....
 Magic Dart               Conj           #...         100%        1    ##.....
 Pain                     Necr           #...         100%        1    ##.....
 Sandblast                Erth           #.....       100%        1    ##.....
 Blink                    Tloc           N/A          100%        2    ###....
 Call Imp                 Summ           #.......     100%        2    ###....
 Passwall                 Tmut/Erth      #.......     100%        2    ###....
 Poisonous Vapours        Pois/Air       #.....       100%        2    ###....
 Slow                     Hex            #.......     100%        2    ###....
 Throw Frost              Conj/Ice       #.....       100%        2    ###....
 Conjure Flame            Conj/Fire      #.......     100%        3    ####...
 Mephitic Cloud           Conj/Pois/Air  #.......     100%        3    ####...
 Ozocubu's Armour         Chrm/Ice       #.......     100%        3    ####...
 Regeneration             Chrm/Necr      #.........   100%        3    ####...
 Stone Arrow              Conj/Erth      #.....       100%        3    ####...
 Vampiric Draining        Necr           #.........   100%        3    ####...
 Animate Dead             Necr           N/A          100%        4    #####..
 Cause Fear               Hex            #.........   100%        4    #####..
 Leda's Liquefaction      Hex/Erth       #.........   100%        4    #####..
 Petrify                  Tmut/Erth      #.......     100%        4    #####..
 Summon Ice Beast         Ice/Summ       #.......     100%        4    #####..
 Throw Icicle             Conj/Ice       #.......     100%        4    #####..
 Bolt of Magma            Conj/Fire/Erth #.........   100%        5    ######.
 Lee's Rapid Deconstruct  Erth           #.........   100%        5    ######.
 Silence                  Hex/Air        #.........   100%        5    ######.
 Yara's Violent Unravell  Hex/Tmut       #.........   100%        5    ######.
 Deflect Missiles         Chrm/Air       #.........   100%        6    #######
 Freezing Cloud           Conj/Ice/Air   #.........   100%        6    #######
 Iron Shot                Conj/Erth      #.........   100%        6    #######
 Statue Form              Tmut/Erth      #........    100%        6    #######
 Ring of Flames           Chrm/Fire      #.........   100%        7    #######
 Discord                  Hex            #.........   100%        8    #######
 Shatter                  Erth           #.........   100%        9    #######


Dungeon Overview and Level Annotations

Branches:
Dungeon (10/15)            Temple (0/1) D:4            Lair (6/6) D:10
 Shoals (1/4) Lair:4        Snake (1/4) Lair:4        Slime (1/5) Lair:5
    Orc: D:9-12

Altars:
Ashenzari
Dithmenos
Elyvilon
Okawaru
Qazlal
Ru
Sif Muna
Trog
Vehumet
Zin
Jiyva

Shops:
D:10 *

Annotations:
Lair:3 exclusion: 3 oklob plants
Lair:5 exclusion: oklob plant


Innate Abilities, Weirdness & Mutations

You reflexively headbutt those who attack you in melee.
You have a pair of horns on your head.


Message History

You furiously retaliate!
You headbutt the hell hound.
The molten gargoyle hits you but does no damage.
The komodo dragon bites you.
* * * LOW HITPOINT WARNING * * *
You hit the molten gargoyle but do no damage.
The molten gargoyle is almost destroyed.
The hell hound bites you!
* * * LOW HITPOINT WARNING * * *
The lindwurm breathes flames at you. The blast of flame misses you.
The blast of flame hits the hell hound.
The hell hound completely resists.
The steam dragon barely misses you. The steam dragon closely misses you.
The komodo dragon bites you but does no damage.
The molten gargoyle hits you but does no damage.
The lava snake spits lava at you. The glob of lava misses you.
The hell hound stops to sniff the ground.
The hell hound bites you but does no damage.
The lindwurm closely misses you. The lindwurm claws you.
You die...

#.#..#..# ## ###
####....## ≈≈##.##8#
#......#. §≈#......
###...... §#......#
###..[.... ≈.......#
##......... .≈......#
##.......... #....k##
...........
≈≈#...9@l#####..........
#....†hD..#.#..........
............#...........
.........###............
......#### ##...........
.≈≈≈S# ##............
§§§## #P........###. §##
#####.........###.
#...##......##....


You could see a lindwurm, a komodo dragon, a molten gargoyle, a steam dragon, a
hell hound and a lava snake.

Vanquished Creatures
  Kirke (Shoals:1)
  Erolcha (D:8)
  3 hydras
  3 two-headed ogres
  Harold (D:10)
  3 death yaks
  Nergalle (D:10)
  A sea snake (Shoals:1)
  An oklob plant (D:10)
  3 black mambas
  6 elephants (Lair:6)
  5 spiny frogs
  A rime drake (Lair:3)
  3 komodo dragons
  2 polar bears
  Grinder (D:6)
  4 dream sheep (Lair:3)
  5 hippogriffs
  A vampire (D:10)
  A spriggan (D:9)
  A wraith (Ossuary)
  14 yaks
  4 basilisks
  Grum (Lair:1)
  Menkaure (D:5)
  2 nagas (Lair:4)
  2 hell hounds (Lair:6)
  8 water moccasins
  7 porcupines
  5 orc warriors
  An ice beast (D:6)
  A black bear (D:8)
  3 phantoms
  4 wolves (Lair:1)
  2 ogres
  8 centaurs
  6 crocodiles
  4 big kobolds
  Blork the orc (D:6)
  15 bullfrogs
  A wyvern zombie (D:6)
  A gnoll sergeant (D:10)
  2 water moccasin zombies
  3 scorpions
  An electric eel (Lair:1)
  7 wights
  A howler monkey (D:5)
  2 crimson imps
  A centaur zombie (D:6)
  4 hounds
  4 jellies
  7 orc wizards
  A quasit (D:8)
  2 centaur skeletons (D:5)
  3 orc priests
  A bullfrog skeleton (D:4)
  3 iguanas
  14 hell rats
  6 worker ants
  3 mummies (Ossuary)
  8 gnolls (D:10)
  10 adders
  9 river rats
  6 shadow imps
  An ooze (D:5)
  An adder zombie (D:7)
  2 worms
  2 dart slugs (D:2)
  3 leopard geckos
  30 orcs
  2 giant cockroaches
  8 goblins
  10 hobgoblins
  12 jackals
  8 quokkas
  A ball python (D:6)
  7 bats
  4 frilled lizards
  2 goblin zombies (Ossuary)
  3 hobgoblin zombies (Ossuary)
  16 kobolds
  2 kobold zombies (Ossuary)
  A quokka skeleton (D:2)
  5 rats
  4 fungi
  6 plants
367 creatures vanquished.

Vanquished Creatures (others)
  A hydra (Lair:6)
  A leopard gecko (D:3)
  2 fungi
  18 plants
22 creatures vanquished.

Grand Total: 389 creatures vanquished

Notes
Turn   | Place    | Note
-------+----------+-------------------------------------------
     0 | D:1      | Loudmushroom the Minotaur Berserker began the quest for the Orb.
     0 | D:1      | Reached XP level 1. HP: 19/19 MP: 0/0
   502 | D:1      | Reached XP level 2. HP: 27/27 MP: 1/1
   518 | D:1      | Reached skill level 4 in Axes
  1727 | D:2      | Reached XP level 3. HP: 33/33 MP: 2/2
  1929 | D:2      | Found an iron altar of Okawaru.
  2233 | D:2      | Found a shattered altar of Ashenzari.
  2233 | D:2      | Found a white marble altar of Elyvilon.
  2291 | D:2      | Found a sacrificial altar of Ru.
  2876 | D:3      | Found a stormy altar of Qazlal.
  2884 | D:3      | Reached XP level 4. HP: 34/40 MP: 3/3
  3018 | D:3      | Found a radiant altar of Vehumet.
  3144 | D:3      | Reached ** piety under Trog
  3261 | D:3      | Found a bloodstained altar of Trog.
  3388 | D:4      | You fall through a shaft for 2 floors!
  3413 | D:5      | Entered Level 5 of the Dungeon
  3413 | D:5      | Noticed a centaur
  3422 | D:5      | Killed a centaur
  3422 | D:5      | Reached skill level 5 in Axes
  3422 | D:5      | Reached XP level 5. HP: 11/47 MP: 4/4
  3715 | D:5      | Reached XP level 6. HP: 22/55 MP: 5/5
  3941 | D:5      | Reached skill level 5 in Fighting
  3941 | D:5      | Reached skill level 6 in Axes
  4100 | D:5      | Found a sand-covered staircase.
  4111 | Ossuary  | Entered an ossuary
  4111 | Ossuary  | Noticed a wraith
  4111 | Ossuary  | Noticed a wraith
  4111 | Ossuary  | Noticed a wraith
  4449 | Ossuary  | Noticed a wraith
  4462 | Ossuary  | Killed a wraith
  4462 | Ossuary  | Reached XP level 7. HP: 34/61 MP: 6/6
  4801 | D:5      | Reached skill level 7 in Axes
  4922 | D:4      | Reached skill level 5 in Armour
  5063 | D:4      | Found a staircase to the Ecumenical Temple.
  5389 | D:4      | Found a shadowy altar of Dithmenos.
  5769 | D:5      | Noticed Menkaure
  5775 | D:5      | Killed Menkaure
  5881 | D:5      | Reached XP level 8. HP: 61/70 MP: 7/7
  6154 | D:5      | Reached skill level 8 in Axes
  6292 | D:6      | Reached skill level 5 in Dodging
  6434 | D:6      | Reached *** piety under Trog
  6441 | D:6      | Reached skill level 9 in Axes
  6579 | D:6      | Noticed Blork the orc
  6588 | D:6      | Killed Blork the orc
  6640 | D:6      | Noticed Grinder
  6649 | D:6      | Killed Grinder
  6724 | D:6      | Reached XP level 9. HP: 51/79 MP: 8/8
  6898 | D:6      | Found a deep blue altar of Sif Muna.
  7382 | D:7      | Reached skill level 10 in Axes
  7756 | D:7      | Found a glowing silver altar of Zin.
  8162 | D:8      | Reached **** piety under Trog
  8310 | D:8      | Reached skill level 11 in Axes
  8628 | D:8      | Reached XP level 10. HP: 81/90 MP: 9/9
  8758 | D:8      | Noticed a two-headed ogre
  8768 | D:8      | Killed a two-headed ogre
  9290 | D:9      | Noticed Erolcha
  9400 | D:8      | Killed Erolcha
  9400 | D:8      | Reached skill level 12 in Axes
  9618 | D:9      | Noticed a two-headed ogre
  9631 | D:9      | Killed a two-headed ogre
  9631 | D:9      | Reached skill level 1 in Evocations
  9803 | D:9      | Noticed a two-headed ogre
  9833 | D:9      | Killed a two-headed ogre
 10311 | D:10     | Entered Level 10 of the Dungeon
 10465 | D:10     | Reached XP level 11. HP: 96/99 MP: 11/11
 10541 | D:10     | Noticed Harold
 10553 | D:10     | Killed Harold
 10553 | D:10     | Reached skill level 13 in Axes
 10605 | D:10     | Noticed Nergalle
 10626 | D:10     | Killed Nergalle
 10626 | D:10     | Reached skill level 10 in Fighting
 11045 | D:10     | Noticed an oklob plant
 11219 | D:10     | Found Zawkuc's General Store.
 11300 | D:10     | Found a staircase to the Lair.
 11317 | D:10     | Killed an oklob plant
 11831 | Lair:1   | Entered Level 1 of the Lair of Beasts
 12382 | Lair:1   | Noticed Grum
 12406 | Lair:1   | Killed Grum
 12807 | Lair:2   | Reached skill level 10 in Armour
 13459 | Lair:2   | Reached skill level 14 in Axes
 14905 | Lair:3   | Noticed an oklob plant
 14905 | Lair:3   | Noticed an oklob plant
 14905 | Lair:3   | Noticed an oklob plant
 15052 | Lair:3   | Reached XP level 12. HP: 97/108 MP: 12/14
 15185 | Lair:4   | Got a bloodstained hand axe
 15189 | Lair:3   | Identified the +1 hand axe "Trog's Righteous Fury" {speed, *Noise Fragile rElec rPois} (You found it on level 4 of the Lair of Beasts)
 15260 | Lair:4   | Found a staircase to the Snake Pit.
 15363 | Snake:1  | Entered Level 1 of the Snake Pit
 15540 | Lair:4   | Noticed a seven-headed hydra
 15564 | Lair:3   | Killed a seven-headed hydra
 16072 | Lair:4   | Reached skill level 10 in Dodging
 16113 | Lair:4   | Upgraded the game from 0.22.0-18-ge075c0d to 0.22.0-21-g8bd1b0a
 16271 | Lair:4   | Found a staircase to the Shoals.
 16314 | Shoals:1 | Entered Level 1 of the Shoals
 16314 | Shoals:1 | Noticed Kirke
 16321 | Shoals:1 | Killed Kirke
 16321 | Shoals:1 | Reached skill level 15 in Axes
 16962 | Lair:5   | Reached skill level 5 in Evocations
 17040 | Lair:5   | Received a gift from Trog
 17098 | Lair:5   | Noticed a four-headed hydra
 17107 | Lair:5   | Killed a four-headed hydra
 17176 | Lair:5   | Found a staircase to the Slime Pits.
 17177 | Lair:5   | Found a viscous altar of Jiyva.
 17189 | Slime:1  | Entered Level 1 of the Pits of Slime
 17765 | Lair:6   | Entered Level 6 of the Lair of Beasts
 17800 | Lair:6   | Noticed a seven-headed hydra
 17809 | Lair:6   | Killed a seven-headed hydra
 17810 | Lair:6   | Noticed a death yak
 17979 | Lair:6   | Noticed a death yak
 17991 | Lair:5   | Killed a death yak
 18199 | Lair:6   | Killed a death yak
 18199 | Lair:6   | Noticed a death yak
 18210 | Lair:6   | Killed a death yak
 18296 | Lair:6   | Reached XP level 13. HP: 85/117 MP: 16/16
 19024 | Lair:6   | HP: 3/118 [hell hound (8)]
 19024 | Lair:6   | Slain by a lindwurm

Skill      XL: |  1  2  3  4  5  6  7  8  9 10 11 12 13 |
---------------+----------------------------------------+-----
Axes           | 4 5 6 7 9 11 12 14 15 | 15.9
Fighting       | 4 5 6 7 8 9 10 11 12 | 12.0
Armour         | 3 4 5 6 8 9 10 11 | 11.6
Dodging        | 3 4 6 7 8 9 10 | 10.8
Evocations     | 1 4 5 |  5.8

Action                   |  1- 3 |  4- 6 |  7- 9 | 10-12 | 13-15 || total
-------------------------+-------+-------+-------+-------+-------++-------
Melee: Hand axe          |    72 |    97 |   311 |   107 |       ||   587
       Headbutt          |    11 |    25 |    80 |   155 |     9 ||   280
       War axe           |       |       |       |   418 |    32 ||   450
       Dire flail        |       |       |       |    65 |    13 ||    78
 Fire: Shortbow          |       |       |     9 |     9 |       ||    18
Invok: Trog's Hand       |       |       |     5 |    11 |       ||    16
       Berserk           |       |       |     1 |     4 |     1 ||     6
Evoke: Wand              |       |       |       |     1 |       ||     1
  Use: Scroll            |       |       |    16 |    19 |       ||    35
 Stab: Paralysed         |       |       |       |     2 |       ||     2
  Eat: Chunk             |     6 |     4 |     6 |     7 |     2 ||    25
       Ration            |       |       |     3 |     9 |       ||    12
Armor: Animal skin       |    16 |     1 |       |       |       ||    17
       Ice dragon scales |       |    39 |    62 |       |       ||   101
       Plate armour      |       |       |    99 |   396 |    97 ||   592
Dodge: Dodged            |    55 |    46 |   189 |   371 |    67 ||   728
